cohdb
Replays
Latest Replays
All Replays
Popular Replays
Top Player Replays
Match Explorer
How It Works
Community
CoH3 Stats
Reddit
Sign in to upload your games and track your stats! →
Sign in with Steam
Match 42977549
Unlisted
Match 42977549
Overview
Messages
Build Orders
End
Royal Engineer Section
Construct Section Command Post
Dingo Light Scout Car
Vickers Machine Gun Team
Vickers Machine Gun Team
Construct Platoon Command Post
Selects Air and Sea Battlegroup
Selects Commando Section Paradrop
Selects M1 Pack Howitzer Paradrop
Commando Section Paradrop
M1 Pack Howitzer Paradrop
6-pounder Anti-tank Gun Team
Construct Company Command Post
Foot Guards Section
Selects Supply Surplus
Selects UNKNOWN (223837)
Centaur IV Medium Tank
Matilda II Heavy Tank
Unlock Bishop Self-propelled Artillery
Unlock M3 Grant Medium Tanks
M3 Grant Medium Tank
Selects Incendiary Bombing Run
Selects Assault Flares
Incendiary Bombing Run
RunningWithFate
Onoyk
gao
차니
0
0
Comments
sign in to comment!
No comments posted yet!